 Dungeon Crawl Stone Soup version 0.31-a0-986-g5e6e4ef867 (webtiles) character file.

Game seed: 12191440440205645786

240361 Lobster4 the Metallomancer (level 19, -5/124 HPs)
             Began as a Gargoyle Earth Elementalist on Nov 11, 2023.
             Was the Champion of Vehumet.
             Shot with an arrow by a deep elf master archer (11 damage)
             ... on level 3 of the Elven Halls on Nov 12, 2023.
             The game lasted 02:15:09 (37713 turns).

Lobster4 the Metallomancer (GrEE)                  Turns: 37713, Time: 02:15:10

Health: -5/124     AC: 34    Str: 12    XL:     19   Next: 77%
Magic:  26/44      EV: 13    Int: 24    God:    Vehumet [******]
Gold:   2713       SH: 13    Dex: 13    Spells: 6/43 levels left

rFire   + + .        a - +10 mace of the Brewing Wasp {flame, rCorr Str+2}
rCold   + . .        K - +2 kite shield {reflect}
rNeg    + . .        Y - +2 leather armour {rC+ rF+}
rPois   ∞            x - +2 helmet {Int+3}
rElec   +            v - +2 cloak "Fugicexo" {rPois rF+ Str-5}
rCorr   +            R - +2 pair of gloves {Dex+3}
SInv    .            H - +2 pair of boots {Stlth+}
Will    ++...        i - amulet of magic regeneration
Stlth   +++          f - ring of magical power
HPRegen 0.40/turn    G - ring of willpower
MPRegen 0.69/turn

%: reflection
@: flying
A: sickness immunity, AC +14, big wings, negative energy resistance 1,
electricity resistance, torment resistance 1, petrification resistance
}: 1/15 runes: serpentine
a: Renounce Religion


You were on level 3 of the Elven Halls.
You worshipped Vehumet.
Vehumet was exalted by your worship.
You visited 6 branches of the dungeon, and saw 30 of its levels.
You visited the Abyss 1 time.
You also visited: Sewer, Gauntlet, Ice Cave and Volcano.

You collected 3439 gold pieces.
You spent 726 gold pieces at shops.

Inventory:

Hand Weapons
 a - the +10 mace of the Brewing Wasp (weapon) {flame, rCorr Str+2}
   (You found it on level 3 of the Dungeon)

   Str+2:     It affects your strength (+2).
   rCorr:     It protects you from acid and corrosion.
 L - the +9 mace "Wash" {freeze, MP+9 Int+2}
   (You took it off a deep elf sorcerer on level 3 of the Elven Halls)

   Int+2:     It affects your intelligence (+2).
   MP+9:      It affects your magic capacity (+9).
Missiles
 j - 6 silver javelins (quivered)
 r - 6 javelins
 t - 9 curare-tipped darts
Armour
 v - the +2 cloak "Fugicexo" (worn) {rPois rF+ Str-5}
   (You bought it in a shop on level 9 of the Dungeon)

   Str-5:     It affects your strength (-5).
   rF+:       It protects you from fire.
   rPois:     It protects you from poison
 x - a +2 helmet of intelligence (worn)
 H - a +2 pair of boots of stealth (worn)
 K - a +2 kite shield of reflection (worn)
 R - a +2 pair of gloves of dexterity (worn)
 Y - a +2 leather armour of resistance (worn)
Jewellery
 f - a ring of magical power (left hand)
 h - the ring of Zosmi {rF+ rC- Str+4 Dex+2 SInv}
   (You found it in a Gauntlet)

   [ring of protection from fire]

   Str+4:     It affects your strength (+4).
   Dex+2:     It affects your dexterity (+2).
   rF+:       It protects you from fire.
   rC-:       It makes you vulnerable to cold.
   SInv:      It lets you see invisible.
 i - an amulet of magic regeneration (around neck)
 l - a ring of protection from fire
 m - a ring of see invisible
 B - the amulet "Fanag" {Acrobat rF+ rCorr Int+2 Stlth+}
   (You found it on level 13 of the Dungeon)

   [amulet of the acrobat]

   Acrobat:   It increases your evasion while moving and waiting.
   Int+2:     It affects your intelligence (+2).
   rF+:       It protects you from fire.
   rCorr:     It protects you from acid and corrosion.
   Stlth+:    It makes you more stealthy.
 G - a ring of willpower (right hand)
 Q - a +4 ring of protection
Wands
 s - a wand of acid (26)
 u - a wand of flame (45)
 E - a wand of mindburst (17)
 N - a wand of iceblast (50)
Scrolls
 d - 4 scrolls of enchant weapon
 n - 14 scrolls of identify
 o - 4 scrolls of fear
 p - a scroll of amnesia
 w - 4 scrolls of blinking
 y - 2 scrolls of revelation
 D - 5 scrolls of fog
 I - 8 scrolls of teleportation
 P - 3 scrolls of immolation
 U - 3 scrolls of poison
 X - 2 scrolls of torment
 Z - a scroll of brand weapon
Potions
 b - a potion of magic
 c - 7 potions of heal wounds
 e - 5 potions of mutation
 k - 5 potions of haste
 q - 2 potions of invisibility
 z - 10 potions of curing
 A - 2 potions of ambrosia
 C - 2 potions of resistance
 F - 7 potions of might
 J - 2 potions of enlightenment
 M - 2 potions of cancellation
 O - 3 potions of lignification
 T - 3 potions of berserk rage
Miscellaneous
 g - a box of beasts
 S - a phantom mirror
 V - a phial of floods
 W - a lightning rod (4/4)


   Skills:
 + Level 15.1 Fighting
 + Level 8.9 Maces & Flails
 - Level 2.0 Throwing
 - Level 10.0 Armour
 - Level 7.0 Dodging
 - Level 3.0 Stealth
 - Level 11.0 Shields
 + Level 12.6 Spellcasting
 + Level 14.6 Conjurations
 - Level 1.0 Transmutations
 - Level 5.0 Ice Magic
 - Level 4.0 Air Magic
 * Level 22.2 Earth Magic
 - Level 3.0 Evocations


You had 6 spell levels left.
You knew the following spells:

 Your Spells              Type           Power      Damage    Failure   Level
a - Sandblast             Erth           100%       2d20      0%          1
b - Stone Arrow           Conj/Erth      100%       3d13      0%          3
c - Bombard               Conj/Erth      40%        9d7       1%          6
d - Lehudib's Crystal Sp  Conj/Erth      40%        10d10     11%         8
f - Freezing Cloud        Conj/Ice/Air   26%        6-21      3%          5
h - Lee's Rapid Deconstr  Erth           44%        3d21*     1%          5
i - Brom's Barrelling Bo  Conj/Erth      81%        2d9       1%          4
p - Passwall              Tmut/Erth      52%        N/A       1%          2
r - Frozen Ramparts       Ice            78%        1d12      1%          3

Your spell library contained the following spells:

 Spells                   Type           Power      Damage    Failure   Level
 Shatter                  Erth           44%        3d34*     32%         9
 Fire Storm               Conj/Fire      25%        8d6       100%        9
 Polar Vortex             Ice            19%        12d2*     100%        9
 Foxfire                  Conj/Fire      100%       2x1d9     1%          1
 Freeze                   Ice            100%       1d10      1%          1
 Magic Dart               Conj           100%       1d8       1%          1
 Static Discharge         Conj/Air       100%       3-8/arc   1%          2
 Dazzling Flash           Conj/Hex       100%       N/A       1%          3
 Hailstorm                Conj/Ice       58%        3d13      1%          3
 Mephitic Cloud           Conj/Pois/Air  44%        N/A       1%          3
 Animate Armour           Summ/Erth      100%       N/A       1%          4
 Fulminant Prism          Conj/Hex       25%        3d14      1%          4
 Iskenderun's Mystic Bla  Conj/Tloc      50%        2d11      1%          4
 Leda's Liquefaction      Hex/Erth       31%        N/A       1%          4
 Petrify                  Tmut/Erth      63%        N/A       1%          4
 Poisonous Vapours        Pois/Air       48%        N/A       2%          2
 Arcjolt                  Conj/Air       28%        1d38      2%          5
 Ozocubu's Armour         Ice            39%        N/A       4%          3
 Ensorcelled Hibernation  Hex/Ice        54%        N/A       7%          2
 Swiftness                Air            34%        N/A       7%          3
 Airstrike                Air            17%        2d(3-19)  7%          4
 Inner Flame              Hex/Fire       15%        N/A       11%         3
 Volatile Blastmotes      Fire/Tloc      30%        2d12      11%         3
 Conjure Ball Lightning   Conj/Air       28%        3x3d8     11%         6
 Apportation              Tloc           30%        N/A       12%         1
 Slow                     Hex            60%        N/A       12%         1
 Wereblood                Tmut           19%        N/A       12%         2
 Blink                    Tloc           30%        N/A       19%         2
 Call Imp                 Summ           30%        N/A       19%         2
 Jinxbite                 Hex            30%        N/A       19%         2
 Confusing Touch          Hex            15%        N/A       36%         3
 Gell's Gravitas          Tloc           15%        N/A       36%         3
 Sigil of Binding         Hex            15%        N/A       36%         3
 Teleport Other           Tloc           15%        N/A       36%         3
 Vampiric Draining        Necr           15%        2d7       36%         3
 Summon Ice Beast         Ice/Summ       27%        N/A       41%         4
 Summon Lightning Spire   Summ/Air       24%        N/A       47%         4
 Vhi's Electric Charge    Tloc/Air       48%        N/A       47%         4
 Yara's Violent Unravell  Hex/Tmut       8%         3d5       54%         5
 Anguish                  Hex/Necr       7%         N/A       77%         4
 Animate Dead             Necr           15%        N/A       77%         4
 Cause Fear               Hex            7%         N/A       77%         4
 Manifold Assault         Tloc           15%        N/A       77%         4
 Metabolic Englaciation   Hex/Ice        13%        N/A       77%         5
 Alistair's Intoxication  Tmut/Pois      11%        N/A       95%         5
 Dispersal                Tloc           7%         N/A       100%        6
 Simulacrum               Ice/Necr       13%        N/A       100%        6
 Enfeeble                 Hex            7%         N/A       100%        7
 Haunt                    Necr/Summ      7%         N/A       100%        7
 Summon Hydra             Summ           7%         N/A       100%        7
 Borgnjor's Revivificati  Necr           7%         N/A       100%        8
 Infestation              Necr           7%         N/A       100%        8
 Death's Door             Necr           7%         N/A       100%        9
 Cigotuvi's Dreadful Rot  Necr/Pois/Air  Unusable   N/A       N/A         2
 Sublimation of Blood     Necr           Unusable   N/A       N/A         2

Dungeon Overview and Level Annotations

Branches:
Dungeon (15/15)            Temple (1/1) D:6            Lair (5/5) D:11
 Shoals (0/4) Lair:2        Snake (4/4) Lair:3        Slime (0/5) Lair:4
    Orc (2/2) D:10            Elf (3/3) Orc:2        Vaults (0/5) D:14
 Depths (0/4) D:15          Sewer (visited)           IceCv (visited)
Volcano (visited)         Gauntlet (visited)

Altars:
Ashenzari
Cheibriados
Dithmenos
Elyvilon
Fedhas
Gozag
Hepliaklqana
Kikubaaqudgha
Makhleb
Nemelex Xobeh
Okawaru
Qazlal
Ru
Sif Muna
Trog
Uskayaw
Vehumet
Wu Jian
Xom
Yredelemnul
Zin
The Shining One
Jiyva

Shops:
D:4 *   D:6 ?   D:9 [   Orc:2 *(**   Elf:2 [   Snake:1 ?

Portals:
Trove: D:15 (give 7 scrolls of fear)

Annotations:
D:15 2 transporters, Dulih's ghost, journeyman MiBe
Lair:4 2 transporters, Zonian's ghost, journeyman DEEE


Innate Abilities, Weirdness & Mutations

You are immune to sickness and miasma.
Your stone body is resilient. (AC +14)
You are immune to poison.
Your large and strong wings let you fly.
You resist negative energy. (rN+)
You are resistant to electric shocks. (rElec)
You are resistant to unholy torment.
You are immune to petrification.


Message History

The freezing blast engulfs you! You resist.
Casting: Stone Arrow (safe; 0% risk of failure)
Confirm with . or Enter, or press ? or * to list all spells.
Aiming: Bombard (mildly dangerous; 1% risk of failure)
Press: ? - help, Shift-Dir - straight line, f/p - deep elf elementalist
Aim: a deep elf elementalist, wielding the +8 arc blade {discharge, rElec}, wearing a +0 leather armour and wearing a ring of ice (freezing vapour, almost dead, fast, repelling missiles, 38% to hit)
The deep elf elementalist repels the iron shot!
The blast sends you backwards.
You are engulfed in freezing vapours.
You resist.
The deep elf elementalist is engulfed in freezing vapours.
The deep elf elementalist points at you and mumbles some strange words.
You shatter!!
The deep elf master archer shoots an arrow.
The arrow hits you.
The deep elf elementalist is engulfed in freezing vapours.
You hear a shout! x2
Blink to where?
Press: ? - help, Dir - move target, p - deep elf elementalist
As you read the scroll of blinking, it crumbles to dust.
The deep elf master archer shoots an arrow.
The arrow hits you!
The deep elf elementalist is engulfed in freezing vapours.
The deep elf master archer unwields a +0 longbow.
You block the deep elf master archer's attack.
The deep elf elementalist is engulfed in freezing vapours.
You kill the deep elf elementalist!
Vehumet accepts your kill.
You feel your power returning.
The deep elf master archer wields a +0 longbow.
The deep elf master archer shoots an arrow.
The arrow hits you!!!
* * * LOW HITPOINT WARNING * * *
Your phantom mirror has recharged.
You feel much better.
The deep elf master archer shoots an arrow.
The arrow hits you!!
* * * LOW HITPOINT WARNING * * *
The deep elf master archer shoots an arrow.
The arrow hits you!
You die...

#'#####################...#
..........................#
..........................#
#####'#################...#
....).................#...#
.)....................#...#
###'###################...#
..).............<.........#
.[..............@.........#
.[................e.......#
.#################.########
.# #.#### .# #....### .#
###)○§...### .#
####...○§§....## .#
.......°○○.....# )#
.......○☼○......#


You could see a deep elf master archer.

Vanquished Creatures
  An ancient lich (Abyss:2)
  Vashnia (Snake:2)
  2 deep elf blademasters (Elf:3)
  A tentacled starspawn (Abyss:2)
  Kirke (Lair:5)
  4 nagarajas (Snake:4)
  A deep elf sorcerer (Elf:3)
  An emperor scorpion (D:15)
  2 deep elf elementalists (Elf:3)
  Nessos (Lair:5)
  An ironbound thunderhulk (D:14)
  The ghost of Mexzoddasi the Bludgeoner, a journeyman MiBe of Trog (D:13)
  2 deep elf demonologists (Elf:3)
  4 deep elf annihilators
  A dire elephant (D:15)
  A minotaur (Gauntlet)
  A red draconian (Volcano)
  Snorg (Orc:2)
  3 deep elf death magi (Elf:3)
  Josephine (Orc:2)
  6 deep elf high priests
  A vault guard (D:14)
  The ghost of Pusmoir the Geomancer, a journeyman OpEE of Gozag (D:13)
  2 salamander tyrants
  7 hydras
  The ghost of pokeman the Eclecticist, a journeyman DEHW of Vehumet (D:13)
  The ghost of Nulaam the Thaumaturge, a journeyman TeSu of Hepliaklqana (D:13)
  2 boulder beetles
  2 catoblepae
  2 ironbound frosthearts (IceCv)
  29 dancing weapons
  3 centaur warriors
  3 two-headed ogres
  Erica (Lair:2)
  A deep troll shaman (Lair:5)
  12 naga warriors
  5 tengu warriors
  9 anacondas
  18 death yaks
  14 deep elf knights
  A wretched star (Gauntlet)
  25 naga sharpshooters
  A fire crab (shapeshifter) (Elf:2)
  5 skysharks
  4 skeletal warriors (D:15)
  7 shock serpents
  A soul eater (Abyss:2)
  A fire crab (Lair:4)
  5 salamander mystics
  A large abomination (Abyss:2)
  7 deep elf archers
  6 naga ritualists
  An arcanist (D:9)
  5 orc knights
  34 deep elf pyromancers
  31 deep elf zephyrmancers
  2 harpies (Lair:2)
  A mana viper (shapeshifter) (D:9)
  An orc sorcerer (Elf:2)
  19 salamanders
  13 ugly things
  3 mana vipers
  6 cyclopes
  Maurice (Orc:2)
  An ice statue (IceCv)
  A wolf spider (D:15)
  24 black mambas
  An orange demon (Abyss:2)
  A moth of wrath (shapeshifter) (D:13)
  16 slime creatures
  2 molten gargoyles (Volcano)
  8 elephants
  4 guardian serpents (Snake:4)
  A smoke demon (Abyss:2)
  A gargoyle (D:11)
  2 torpor snails
  19 naga magi
  Maggie (D:6)
  17 cane toads
  6 rime drakes
  10 komodo dragons
  A minotaur zombie (Gauntlet)
  4 trolls
  2 tengu conjurers
  14 polar bears
  3 meliai (D:15)
  A wind drake (shapeshifter) (D:15)
  Prince Ribbit (D:6)
  2 hornets (D:9)
  3 wolf spider simulacra (Gauntlet)
  3 raiju (Abyss:2)
  18 dream sheep
  7 blink frogs
  3 air elementals
  Sigmund (D:2)
  6 wraiths
  3 spriggans (Lair:1)
  A centaur simulacrum (Gauntlet)
  A vampire (D:11)
  2 water elementals
  3 hogs
  3 shadows
  92 yaks
  5 wyverns
  2 fire bats (Volcano)
  Eustachio (D:6)
  A human (D:14)
  3 basilisks
  A neqoxec (Gauntlet)
  2 steam dragons
  2 fire elementals
  A harpy simulacrum (Gauntlet)
  10 vampire mosquitoes
  3 wargs
  46 nagas
  20 water moccasins
  An acid dragon (D:11)
  4 ice beasts
  A swamp drake (Orc:2)
  6 black bears
  33 orc warriors
  2 ogres (Orc:2)
  29 wolves
  20 centaurs
  Blork the orc (D:6)
  9 kobold brigands
  14 bullfrogs
  4 earth elementals
  3 scorpions (D:6)
  A gnoll sergeant (D:11)
  A small abomination (Abyss:2)
  17 wights
  10 killer bees
  3 electric eels (D:10)
  2 crimson imps
  3 jellies
  4 lava snakes (Volcano)
  8 hounds
  2 gnoll boudas
  16 orc priests
  An iron imp (Orc:2)
  3 iguanas
  A sleepcap (D:5)
  Jessica (D:2)
  28 orc wizards
  2 hell rats (D:7)
  8 gnolls
  9 river rats
  17 adders
  3 shadow imps
  4 white imps
  5 ufetubi
  2 worms
  2 dart slugs
  87 orcs
  11 endoplasms
  A giant cockroach (D:3)
  4 goblins
  4 hobgoblins
  2 jackals (D:4)
  28 kobolds
  7 quokkas
  10 ball pythons
  3 bats
  4 frilled lizards (D:1)
  23 rats
  A lurking horror (Abyss:2)
  A starspawn tentacle (Abyss:2)
1184 creatures vanquished.

Vanquished Creatures (collateral kills)
  An orc knight (D:12)
  A guardian serpent (shapeshifter) (D:12)
  2 orcs (D:12)
4 creatures vanquished.

Vanquished Creatures (others)
  A deep elf knight (Elf:2)
  2 deep elf zephyrmancers
  3 starspawn tentacles (Abyss:2)
6 creatures vanquished.

Grand Total: 1194 creatures vanquished

Notes
Turn   | Place    | Note
-------+----------+-------------------------------------------
     0 | D:1      | Lobster4 the Gargoyle Earth Elementalist began the quest
                  | for the Orb.
     0 | D:1      | Reached XP level 1. HP: 10/10 MP: 3/3
   264 | D:1      | Reached XP level 2. HP: 15/15 MP: 0/5
   267 | D:1      | Learned a level 2 spell: Passwall
   365 | D:1      | Found a faded altar of an unknown god.
   777 | D:2      | Reached skill level 1 in Transmutations
   824 | D:2      | Noticed Sigmund
   833 | D:2      | Killed Sigmund
   834 | D:2      | Reached skill level 1 in Fighting
   834 | D:2      | Reached skill level 1 in Armour
   834 | D:2      | Reached skill level 4 in Earth Magic
   834 | D:2      | Reached XP level 3. HP: 18/21 MP: 0/6
   834 | D:2      | Reached XP level 4. HP: 22/26 MP: 0/7
   834 | D:2      | Reached XP level 5. HP: 26/30 MP: 0/8
  1066 | D:2      | Noticed Jessica
  1140 | D:2      | Learned a level 3 spell: Stone Arrow
  1149 | D:2      | Killed Jessica
  1150 | D:2      | Reached skill level 5 in Earth Magic
  1179 | D:2      | Found a shimmering blue altar of Sif Muna.
  1526 | D:2      | Reached XP level 6. HP: 24/35 MP: 4/10
  1604 | D:2      | Found the +1 Delatra's gloves {ID++}
  1740 | D:3      | Reached skill level 1 in Conjurations
  2062 | D:3      | Identified the +10 mace of the Brewing Wasp {flame, rCorr
                  | Str+2}
  2231 | D:3      | Found a glowing drain.
  2237 | Sewer    | Entered a sewer
  2246 | Sewer    | Reached XP level 7. HP: 39/40 MP: 11/11
  2258 | Sewer    | Reached skill level 1 in Throwing
  2346 | Sewer    | Reached skill level 1 in Maces & Flails
  2346 | Sewer    | Reached skill level 6 in Earth Magic
  2683 | D:3      | Found a broken altar of Ashenzari.
  3115 | D:4      | Reached XP level 8. HP: 44/46 MP: 11/13
  3452 | D:4      | Found Nedosoonk's Fire Supplies.
  3728 | D:5      | Entered Level 5 of the Dungeon
  4409 | D:5      | Reached skill level 7 in Earth Magic
  4960 | D:6      | Noticed Eustachio
  4965 | D:6      | Killed Eustachio
  4966 | D:6      | Reached XP level 9. HP: 52/52 MP: 1/15
  5134 | D:6      | Reached skill level 8 in Earth Magic
  5199 | D:6      | Found Xyqylo's Magic Scroll Emporium.
  5208 | D:6      | Bought a scroll of blinking for 82 gold pieces
  5208 | D:6      | Bought a scroll of revelation for 82 gold pieces
  5343 | D:6      | Found a staircase to the Ecumenical Temple.
  5348 | Temple   | Entered the Ecumenical Temple
  5368 | Temple   | Became a worshipper of Vehumet
  5461 | D:6      | Noticed Prince Ribbit
  5464 | D:6      | Noticed Maggie
  5470 | D:6      | Killed Maggie
  5472 | D:6      | Killed Prince Ribbit
  5473 | D:6      | Reached skill level 5 in Fighting
  5473 | D:6      | Reached skill level 5 in Armour
  5563 | D:6      | Reached skill level 9 in Earth Magic
  5742 | D:6      | Reached XP level 10. HP: 59/59 MP: 12/17
  5747 | D:6      | Reached skill level 5 in Spellcasting
  5897 | D:6      | Noticed Blork the orc
  5899 | D:6      | Killed Blork the orc
  6143 | D:7      | Reached * piety under Vehumet
  6143 | D:7      | Offered knowledge of Shock by Vehumet.
  6144 | D:7      | Reached skill level 5 in Conjurations
  6636 | D:7      | Reached ** piety under Vehumet
  6636 | D:7      | Offered knowledge of Freeze by Vehumet.
  6887 | D:8      | Reached skill level 10 in Earth Magic
  7647 | D:9      | Learned a level 4 spell: Brom's Barrelling Boulder
  7665 | D:9      | Reached skill level 5 in Dodging
  7735 | D:9      | Offered knowledge of Volatile Blastmotes by Vehumet.
  7860 | D:9      | Noticed a cyclops
  7860 | D:9      | Noticed a four-headed hydra
  7860 | D:9      | Noticed a tengu warrior
  7861 | D:9      | Found a runed translucent door.
  7863 | D:9      | Noticed an arcanist
  7863 | D:9      | Noticed an ice dragon
  7863 | D:9      | Noticed a boulder beetle
  7863 | D:9      | Noticed a cyclops
  7924 | D:9      | Found Saloopp's Antique Armour Shoppe.
  7939 | D:9      | Reached skill level 11 in Earth Magic
  7939 | D:9      | Reached *** piety under Vehumet
  7948 | D:9      | Bought a translucent cloak for 209 gold pieces
  7948 | D:9      | Identified the +2 cloak "Fugicexo" {rPois rF+ Str-5} (You
                  | bought it in a shop on level 9 of the Dungeon)
  8082 | D:9      | Noticed a two-headed ogre
  8094 | D:9      | Reached XP level 11. HP: 59/66 MP: 18/20
  8094 | D:9      | Killed a two-headed ogre
  8260 | D:10     | Entered Level 10 of the Dungeon
  8400 | D:10     | Identified the +5 plate armour of the Devil's Advocate
                  | {-Cast *Slow Will+ Regen+ Str+4}
  8402 | D:10     | Offered knowledge of Airstrike by Vehumet.
  8899 | D:10     | Reached skill level 12 in Earth Magic
  9235 | D:10     | Noticed an orc knight
  9243 | D:10     | Killed an orc knight
  9332 | D:10     | Reached **** piety under Vehumet
  9472 | D:10     | Found a staircase to the Orcish Mines.
  9542 | D:11     | Offered knowledge of Flame Wave by Vehumet.
  9682 | D:11     | Noticed a two-headed ogre
  9707 | D:11     | Killed a two-headed ogre
  9728 | D:11     | Noticed a brown ugly thing
  9738 | D:11     | Killed a brown ugly thing
  9756 | D:11     | Noticed a cyclops
  9761 | D:11     | Killed a cyclops
  9762 | D:11     | Reached skill level 13 in Earth Magic
 10080 | D:11     | Found a staircase to the Lair.
 10189 | D:11     | Learned a level 6 spell: Bombard
 10319 | D:12     | Reached skill level 1 in Shields
 10549 | D:12     | Reached XP level 12. HP: 73/75 MP: 19/22
 10959 | D:12     | Learned a level 5 spell: Freezing Cloud
 11065 | D:12     | Noticed a tengu warrior
 11072 | D:12     | Killed a tengu warrior
 11200 | Lair:1   | Entered Level 1 of the Lair of Beasts
 11270 | Lair:1   | Reached skill level 1 in Ice Magic
 11287 | Lair:1   | Reached skill level 1 in Air Magic
 11292 | Lair:1   | Reached skill level 14 in Earth Magic
 11405 | Lair:1   | Reached ***** piety under Vehumet
 11406 | Lair:1   | Offered knowledge of Eringya's Noxious Bog by Vehumet.
 11873 | Lair:1   | Reached XP level 13. HP: 80/80 MP: 19/24
 12527 | Lair:2   | Noticed Erica
 12802 | Lair:2   | Killed Erica
 12944 | Lair:2   | Found a staircase to the Shoals.
 12964 | Lair:2   | Reached skill level 15 in Earth Magic
 12990 | Lair:2   | Reached skill level 5 in Shields
 13069 | Lair:2   | Reached skill level 1 in Evocations
 13154 | Lair:2   | Reached skill level 10 in Fighting
 13719 | Lair:3   | Found a gate leading to a gauntlet.
 13729 | Gauntlet | Entered a Gauntlet
 13729 | Gauntlet | Found a transporter.
 13729 | Gauntlet | Found a transporter.
 13730 | Gauntlet | Found a transporter.
 13733 | Gauntlet | Found a transporter.
 13734 | Gauntlet | Found a transporter.
 13743 | Gauntlet | Found a transporter.
 13750 | Gauntlet | Noticed a minotaur
 13808 | Gauntlet | Found a transporter.
 13818 | Gauntlet | Found a transporter.
 13833 | Gauntlet | Found a transporter.
 13843 | Gauntlet | Found a transporter.
 13858 | Gauntlet | Found a transporter.
 13864 | Gauntlet | Found a transporter.
 14106 | Gauntlet | Identified the ring of Zosmi {rF+ rC- Str+4 Dex+2 SInv}
 14211 | Gauntlet | Killed a minotaur
 14244 | Gauntlet | Identified the +6 rapier of Beaqagur {heavy, rElec Int-2
                  | Stlth+}
 14372 | Lair:3   | Found a staircase to the Snake Pit.
 14453 | Lair:3   | Gained mutation: Your large and strong wings let you fly.
                  | [Gargoyle growth]
 14453 | Lair:3   | Reached XP level 14. HP: 88/88 MP: 12/26
 14739 | Lair:3   | Offered knowledge of Spellforged Servitor by Vehumet.
 15435 | Lair:4   | Found a staircase to the Slime Pits.
 15439 | Lair:4   | Found a viscous altar of Jiyva.
 15439 | Lair:4   | Identified the +1 scale mail of the Past {Drain Dex+8
                  | Stlth-}
 15531 | Lair:4   | Found a transporter.
 15541 | Lair:4   | Noticed Zonian's ghost (journeyman DEEE)
 15546 | Lair:4   | Found a transporter.
 15550 | Lair:4   | Found a bloodstained altar of Trog.
 15658 | Lair:4   | Reached skill level 10 in Conjurations
 15658 | Lair:4   | Reached skill level 16 in Earth Magic
 16896 | Lair:5   | Entered Level 5 of the Lair of Beasts
 16898 | Lair:5   | Noticed Kirke
 17318 | Lair:4   | Offered knowledge of Starburst by Vehumet.
 18163 | Lair:5   | Noticed Nessos
 18168 | Lair:5   | Killed Nessos
 18169 | Lair:5   | Reached skill level 17 in Earth Magic
 18169 | Lair:5   | Reached XP level 15. HP: 56/95 MP: 15/28
 18476 | Lair:5   | Killed Kirke
 19888 | Orc:1    | Entered Level 1 of the Orcish Mines
 19977 | Orc:1    | Found a frozen archway.
 20016 | IceCv    | Entered an ice cave
 20079 | IceCv    | Offered knowledge of Irradiate by Vehumet.
 20087 | IceCv    | Learned a level 5 spell: Lee's Rapid Deconstruction
 20228 | IceCv    | Identified the +5 morningstar "Syetita" {drain, Str+5}
 20526 | IceCv    | Reached skill level 10 in Spellcasting
 20794 | IceCv    | Reached skill level 5 in Maces & Flails
 20808 | IceCv    | Reached skill level 10 in Armour
 21622 | Orc:2    | Entered Level 2 of the Orcish Mines
 21622 | Orc:2    | Found a staircase to the Elven Halls.
 21681 | Orc:2    | Found a dark tunnel.
 21687 | Volcano  | Entered a volcano
 21766 | Volcano  | Reached skill level 18 in Earth Magic
 21932 | Volcano  | Found a burning altar of Makhleb.
 22258 | Orc:2    | Offered knowledge of Fireball by Vehumet.
 22366 | Orc:2    | Noticed Maurice
 22371 | Orc:2    | Killed Maurice
 22514 | Orc:2    | Noticed Josephine
 22522 | Orc:2    | Killed Josephine
 22606 | Orc:2    | Reached XP level 16. HP: 101/101 MP: 30/30
 22686 | Orc:2    | Noticed Snorg
 22692 | Orc:2    | Killed Snorg
 23279 | Orc:2    | Found Pacumn's Antique Weapon Shoppe.
 23279 | Orc:2    | Found Gyrch's General Store.
 23279 | Orc:2    | Found Milusuqa's Assorted Antiques.
 23283 | Orc:2    | Found Boagei's Assorted Antiques.
 23295 | Orc:2    | Bought a slimy robe for 188 gold pieces
 23295 | Orc:2    | Identified the +0 robe of Restlessness {rF+ Int+4} (You
                  | bought it in a shop on level 2 of the Orcish Mines)
 23756 | D:13     | Found a runed translucent gate.
 23756 | D:13     | Found a runed translucent gate.
 23756 | D:13     | Found a runed translucent gate.
 23758 | D:13     | Noticed pokeman's ghost (journeyman DEHW)
 23758 | D:13     | Noticed Nulaam's ghost (journeyman TeSu)
 23759 | D:13     | Noticed Pusmoir's ghost (journeyman OpEE)
 23759 | D:13     | Noticed Mexzoddasi's ghost (journeyman MiBe)
 24619 | D:14     | Found an ancient bone altar of Kikubaaqudgha.
 24737 | D:14     | Found a gate to the Vaults.
 24872 | D:15     | Entered Level 15 of the Dungeon
 25184 | D:15     | Reached ****** piety under Vehumet
 25262 | D:15     | Found a staircase to the Depths.
 25424 | D:15     | Found a portal to a secret trove of treasure.
 25448 | D:15     | Found a transporter.
 25452 | D:15     | Found a transporter.
 25452 | D:15     | Noticed Dulih's ghost (journeyman MiBe)
 25632 | D:15     | Offered knowledge of Iskenderun's Battlesphere by Vehumet.
 26036 | D:15     | Found an ornate altar of the Wu Jian Council.
 26406 | D:13     | Killed pokeman's ghost
 26488 | D:13     | Killed Pusmoir's ghost
 26604 | D:13     | Killed Mexzoddasi's ghost
 26666 | D:13     | Killed Nulaam's ghost
 26722 | D:13     | Identified the +1 plate armour of the Healing Gods {Fly
                  | Dex+3}
 26736 | D:13     | Identified the amulet "Fanag" {Acrobat rF+ rCorr Int+2
                  | Stlth+}
 26842 | D:9      | Learned a level 3 spell: Frozen Ramparts
 27359 | Snake:1  | Identified the of Cuwnagg
 27359 | Snake:1  | Entered Level 1 of the Snake Pit
 27505 | Snake:1  | Reached skill level 19 in Earth Magic
 27884 | Snake:1  | Reached XP level 17. HP: 85/108 MP: 31/31
 27961 | Snake:1  | Found Pudepp's Magic Scroll Shop.
 27969 | Snake:1  | Bought a scroll of teleportation for 45 gold pieces
 27969 | Snake:1  | Bought a scroll of fear for 60 gold pieces
 27969 | Snake:1  | Bought a scroll of fear for 60 gold pieces
 28765 | Snake:2  | Reached skill level 5 in Ice Magic
 28862 | Snake:2  | Noticed Vashnia
 28888 | Snake:2  | Killed Vashnia
 29676 | Snake:2  | Offered knowledge of Lehudib's Crystal Spear by Vehumet.
 29686 | Snake:2  | Learned a level 8 spell: Lehudib's Crystal Spear
 31038 | Snake:4  | Entered Level 4 of the Snake Pit
 31617 | Snake:4  | Reached skill level 20 in Earth Magic
 32160 | Snake:4  | Reached XP level 18. HP: 115/115 MP: 33/33
 32831 | Snake:4  | Got a serpentine rune of Zot
 33177 | Vaults:5 | Identified the "Rigrogo"
 33177 | Crypt:3  | Identified the of Vaexze
 33177 | Depths:3 | Identified the "Yragg"
 33177 | WizLab   | Identified the "Ebuem"
 33177 | WizLab   | Identified the of Owurox
 33177 | Elf:1    | Identified the of Roal Eca
 33177 | Elf:1    | Entered Level 1 of the Elven Halls
 33564 | Elf:1    | Reached skill level 10 in Shields
 33952 | Elf:1    | Reached skill level 21 in Earth Magic
 34159 | Elf:2    | Found a shimmering blue altar of Sif Muna.
 34183 | Elf:2    | Found Rathi's Antique Armour Boutique.
 34749 | Elf:2    | Found a runed translucent gate.
 34749 | Elf:2    | Found a runed translucent gate.
 34749 | Elf:2    | Found a runed translucent gate.
 34873 | Elf:2    | Reached XP level 19. HP: 122/122 MP: 18/35
 35168 | Elf:2    | Offered knowledge of Fire Storm by Vehumet.
 35168 | Elf:2    | Offered knowledge of Shatter by Vehumet.
 35168 | Elf:2    | Offered knowledge of Polar Vortex by Vehumet.
 35680 | Elf:3    | Identified the "Ifolist"
 35680 | Elf:3    | Identified the "Zemah"
 35680 | Elf:3    | Identified the "Owir"
 35680 | Elf:3    | Entered Level 3 of the Elven Halls
 35848 | Elf:2    | Found an ancient bone altar of Kikubaaqudgha.
 36814 | Elf:3    | Identified the +7 morningstar of Jymneipa {antimagic, rPois
                  | rF- Str+3}
 36817 | Elf:3    | Identified the +9 mace "Wash" {freeze, MP+9 Int+2}
 36864 | Elf:3    | Reached skill level 22 in Earth Magic
 36924 | Elf:3    | Identified the ring of Uvis {rC+ Will+ AC+4}
 37060 | Abyss:2  | Cast into level 2 of the Abyss (a deep elf demonologist)
 37248 | Abyss:2  | Reached skill level 15 in Fighting
 37292 | Abyss:2  | Noticed an ancient lich
 37303 | Abyss:2  | Killed an ancient lich
 37321 | Elf:3    | Escaped the Abyss
 37707 | Elf:3    | Identified the +8 hand axe of the Unliving {holy, rC+}
 37712 | Elf:3    | HP: 3/124 [deep elf master archer/arrow (38)]
 37713 | Elf:3    | Shot with an arrow by a deep elf master archer

Illustrated notes

Levels and vault maps discovered:
D:1:      saegor_arrival_miasma, layout_basic,
          dreamdust_ecumenical_altar_statues, corexii_leaking_fountain,
          minmay_misc_feat_nine_boxes
D:2:      layout_loops_ring, basic_altar, pf_guarded_unrand_delatra,
          uniq_sigmund, uniq_jessica
D:3:      layout_loops_cross, nicolae_ashenzari_skybound,
          gup_sewer_entry_bubbles
D:4:      layout_basic, nicolae_shop_fire_sale [nicolae_sub_dead_trees]
D:5:      layout_loops_corners
D:6:      minmay_chambers_of_threes, layout_basic,
          minmay_temple_entry_proselytizer, serial_shops,
          nicolae_shop_advertising_works [nicolae_subvault_shop_adworks],
          uniq_eustachio, uniq_maggie, uniq_prince_ribbit1, uniq_blork_the_orc
D:7:      lemuel_ratsnest, layout_cave_pools
D:8:      layout_loops_ring
D:9:      minmay_gate_of_8, layout_gridville, serial_shops, shop,
          minmay_fractal_squares_5
D:10:     layout_basic, erik_orc_2
D:11:     layout_cross, lair_entry_dummy, nicolae_tricolors
D:12:     layout_basic
D:13:     layout_cave_pools, gammafunk_ghost_cemetery
D:14:     layout_roguey, hellmonk_vaults_keyhole, serial_bayou_pond_a,
          nicolae_kikubaaqudgha_miasma_corner
D:15:     hangedman_depths_entry_try_elsewhere_first, layout_cave_pods,
          gammafunk_ghost_mausoleum, nicolae_trove_entry_isolated,
          hangedman_decor_riveting, nicolae_wu_jian_immortal_techniques
Temple:   mainiacjoe_temple_trianglar_array
Lair:1:   layout_long_grid, wad_woods_02
Lair:2:   layout_regular_city, nicolae_shoals_entry_roost, grunt_megastairs_4,
          uniq_erica
Lair:3:   layout_regular_city, minmay_snake_entry_guardpost_large,
          gauntlet_entry_generic
Lair:4:   layout_layer_cave, slime_entry_1, gammafunk_ghost_wrathful_warriors,
          pdpol_lair_neglected_garden, beast_lair_carwin_5
Lair:5:   grunt_lair_end_beastmaster, layout_concentric_octagons,
          grunt_forest_large_clearing_hut, infiniplex_staircase_pool,
          uniq_kirke, uniq_nessos
Snake:1:  layout_cave_pods, serial_shops, shop
Snake:2:  layout_misc_corridors, grunt_megastairs_2, uniq_vashnia
Snake:3:  layout_onion, grunt_megastairs_3, lemuel_fruit_tree
Snake:4:  grunt_snake_rune_serpentine_throne, layout_basic
Orc:1:    layout_caves, portal_ice_cave_rime
Orc:2:    st_orc_rangers, layout_caves, nicolae_volcano_entry_s_turn,
          basic_altar, hangedman_minor_magic, uniq_maurice, uniq_snorg,
          uniq_josephine
Elf:1:    layout_gridlike, minmay_elf_annihilation
Elf:2:    elven_hall_of_blades_hangedman_original [nicolae_blade_little_rooms],
          layout_geoelf_diagonals, basic_altar, serial_shops, shop,
          lemuel_upstairs_altar
Elf:3:    minmay_elf_hall_quartered_circle, layout_onion_city,
          nrook_mini_backslash, roderic_roman_lattice, hex_medium

Skill      XL: |  1  2  3  4  5  6  7  8  9 10 11 12 13 14 15 16 17 18 19 |
---------------+----------------------------------------------------------+-----
Transmutations | 1 |  1.0
Fighting       | 1 2 3 4 5 6 8 9 10 11 12 13 14 15 | 15.1
Armour         | 1 2 3 4 5 6 7 9 10 | 10.0
Dodging        | 2 3 4 5 6 7 |  7.0
Stealth        | 3 |  3.0
Earth Magic    | 4 5 6 7 9 11 13 14 15 17 18 19 20 21 22 | 22.2
Conjurations   | 1 2 3 4 6 7 8 9 10 11 12 13 14 | 14.6
Spellcasting   | 3 4 6 7 8 9 10 11 12 | 12.6
Throwing       | 1 2 |  2.0
Maces & Flails | 1 2 3 5 6 7 8 |  8.9
Shields        | 1 3 5 6 7 9 10 11 | 11.0
Ice Magic      | 2 3 4 5 |  5.0
Air Magic      | 1 3 4 |  4.0
Evocations     | 2 3 |  3.0

Action                     |  1- 3 |  4- 6 |  7- 9 | 10-12 | 13-15 | 16-18 | 19-21 || total
---------------------------+-------+-------+-------+-------+-------+-------+-------++-------
  Melee: Dagger            |       |     6 |       |       |       |       |       ||     6
         Mace              |       |    28 |     1 |    20 |    70 |     9 |     7 ||   135
         Punch             |       |       |       |       |     1 |       |       ||     1
         Unarmed           |       |       |       |       |     4 |       |       ||     4
  Throw: Dart              |     4 |     3 |     2 |     7 |       |       |       ||    16
         Javelin           |       |       |       |       |     1 |       |       ||     1
   Cast: Sandblast         |    28 |    61 |   138 |   134 |   200 |   171 |     3 ||   735
         Stone Arrow       |       |       |    65 |   270 |   195 |   214 |    35 ||   779
         Bombard           |       |       |       |     8 |   272 |   321 |   143 ||   744
         Freezing Cloud    |       |       |       |     1 |    33 |   109 |    16 ||   159
         Passwall          |       |       |       |       |     1 |       |       ||     1
         Lee's Rapid Decon |       |       |       |       |     3 |     8 |       ||    11
         Frozen Ramparts   |       |       |       |       |       |    12 |     3 ||    15
  Evoke: Wand              |       |       |       |       |     1 |     1 |     2 ||     4
         Phantom mirror    |       |       |       |       |       |       |     1 ||     1
    Use: Scroll            |       |     6 |     5 |    10 |    17 |     7 |     1 ||    46
         Potion            |       |       |       |     1 |     1 |     4 |     1 ||     7
   Stab: Sleeping          |       |     1 |       |       |       |       |       ||     1
 Armour: Robe              |     5 |    60 |    66 |   147 |   403 |       |       ||   681
         Leather armour    |       |       |       |       |    24 |   330 |    54 ||   408
         Skin              |       |       |       |       |     2 |       |       ||     2
  Dodge: Dodged            |     6 |    28 |    58 |   116 |   263 |   190 |    21 ||   682
  Block: Buckler           |       |       |       |       |    65 |    39 |       ||   104
         Kite shield       |       |       |       |       |       |    99 |    27 ||   126
         Reflection        |       |       |       |       |       |     8 |     9 ||    17

Table legend: (Time is in decaauts)
 A = Elapsed time spent in this place.
 B = Non-inter-level travel time spent in this place.
 C = Inter-level travel time spent in this place.
 D = Time resting spent in this place.
 E = Time spent auto-exploring this place.
 F = Levels seen in this place.
 G = Mean time per level.
                   A        B        C        D        E       F      G
               +--------+--------+--------+--------+--------+-----+--------+
         Total |  38261 |  36048 |   2213 |   7851 |  18932 |  35 | 1093.2 |
       Dungeon |  15025 |  14119 |    906 |   1920 |   9160 |  15 | 1001.7 |
        Temple |     39 |      2 |     37 |      0 |      0 |   1 |   39.0 |
          Lair |   8322 |   7547 |    775 |   1996 |   3753 |   5 | 1664.4 |
     Snake Pit |   5698 |   5514 |    184 |   1453 |   2905 |   4 | 1424.5 |
  Orcish Mines |   1897 |   1738 |    159 |    393 |    661 |   2 |  948.5 |
   Elven Halls |   4242 |   4091 |    151 |   1229 |   1650 |   3 | 1414.0 |
         Abyss |    260 |    260 |      0 |     29 |     66 |   1 |  260.0 |
         Sewer |    413 |    413 |      0 |      0 |    192 |   1 |  413.0 |
      Ice Cave |   1232 |   1232 |      0 |    406 |    275 |   1 | 1232.0 |
       Volcano |    549 |    549 |      0 |    160 |    114 |   1 |  549.0 |
      Gauntlet |    581 |    581 |      0 |    265 |    156 |   1 |  581.0 |
               +--------+--------+--------+--------+--------+-----+--------+

Top non-repeatable levels by time:
  Lair:4: 2815 daAuts
 Snake:4: 1780 daAuts
   Elf:3: 1682 daAuts
   Elf:2: 1594 daAuts
  Lair:5: 1525 daAuts
  Lair:2: 1496 daAuts
    D:10: 1416 daAuts
 Snake:3: 1364 daAuts
  Lair:1: 1346 daAuts
 Snake:2: 1342 daAuts
    D:15: 1338 daAuts
   Orc:2: 1292 daAuts
   IceCv: 1232 daAuts
 Snake:1: 1211 daAuts
     D:6: 1196 daAuts
